 Dungeon Crawl Stone Soup version bcrawl-1.21.2-1-g32d02e0829 (webtiles) character file.

Game seed: 14413869976883552052

181 Mrkan the Ruffian (level 5, -8/53 HPs)
             Began as a Troll Fighter on Feb 19, 2020.
             Was an Initiate of Fedhas.
             Killed by divine providence
             ... invoked by an orc priest
              (10 damage)
             ... on level 3 of the Dungeon.
             The game lasted 00:02:23 (1508 turns).

Mrkan the Ruffian (Troll Fighter)                   Turns: 1508, Time: 00:02:24

Health: -8/53      AC:  6    Str: 30    XL:     5   Next: 34%
Magic:  4/4        EV:  8    Int:  5    God:    Fedhas [......]
Gold:   176        SH:  9    Dex:  9    Spells: 4/4 levels left

rFire    . . .     SeeInvis .     - Unarmed
rCold    . . .     Gourm    +   a - +0 shield
rNeg     . . .     Faith    .   (armour unavailable)
rPois    .         Spirit   .   (helmet restricted)
rElec    .         Reflect  .   (no cloak)
rCorr    .         Harm     .   (gloves unavailable)
MR       .....                  (boots unavailable)
Stlth    +.........             (no amulet)
HPRegen  0.57/turn              (no ring)
MPRegen  0.09/turn              (no ring)

@: mighty
A: large, almost no armour, unfitting armour, claws 3, fast metabolism 3,
gourmand, regeneration 1, AC +6
a: Fungal Bloom, Renounce Religion


You were on level 3 of the Dungeon.
You worshipped Fedhas.
Fedhas was noncommittal.
You were very full.

You visited 1 branch of the dungeon, and saw 3 of its levels.

You collected 176 gold pieces.

Inventory:

Armour
 a - a +0 shield (worn)
Scrolls
 c - a scroll of remove curse {unknown}
 d - a scroll of fear {unknown}
 f - a scroll of noise {unknown}
 g - 3 scrolls of amnesia {unknown}
 h - a scroll of immolation {unknown}
 k - a scroll of identify {unknown}
 l - a scroll of teleportation {unknown}
Potions
 i - a potion of curing {unknown}
 j - a potion of invisibility {unknown}
Comestibles
 e - 6 rations {!d}


   Skills:
 + Level 3.5 Fighting
 - Level 2.4 Dodging
 - Level 2.0 Shields
 * Level 4.7 Unarmed Combat


You had 4 spell levels left.
You didn't know any spells.
Your spell library was empty.

Dungeon Overview and Level Annotations

Branches:
Dungeon (3/12)

Altars:
Fedhas
Sif Muna


Innate Abilities, Weirdness & Mutations

You cannot wear most types of armour.
Your thick skin is tough. (AC +6)
You are too large for most types of armour.
You have claws for hands.
Your metabolism is lightning-fast.
You like to eat raw meat.
Your natural rate of healing is unusually fast.


Message History

The orc wizard hits you with a +0 whip. The orc hits you with a +0 short sword.
You barely miss the orc priest.
The orc wizard hits you but does no damage.
The orc closely misses you.
You feel very mighty all of a sudden. You block the orc wizard's attack.
The orc priest hits you but does no damage.
The orc wizard gestures wildly while chanting.
The orc wizard flickers and vanishes!
Deactivating autopickup; reactivate with Ctrl-A.
The orc hits you but does no damage.
You closely miss the orc priest.
The orc priest invokes the aid of Beogh against you.
Beogh smites you!
* * * LOW HITPOINT WARNING * * *
Something hits you but does no damage.
The orc priest invokes the aid of Beogh against you.
Beogh smites you!
You die...
Fedhas appreciates your contribution to the ecosystem.

#......# #.####.# #.#
#.. ##### #[# ##.
#...####.### #. ####
#..........# #. ....%
####...####.#.# #.
#....#o........#.#.# #.
#....o@.#...)..#.#.# ##
......{o........#.#.####
(......###...####..#..##
..%.... ....<.# #...#.#
....... ......###...#.##
.#...#........##........
#..##........#.........
... #.............)....
...(....<.....###


You could see 2 orc priests and an orc.

Vanquished Creatures
  A crimson imp (D:3)
  A centaur zombie (D:2)
  A worker ant zombie (D:2)
  A gnoll (D:2)
  2 adders
  2 adder zombies (D:2)
  An ooze (D:1)
  An adder skeleton (D:2)
  2 worms
  2 dart slugs
  6 leopard geckos
  3 orcs
  A bat zombie (D:2)
  3 giant cockroaches
  2 goblins
  3 hobgoblins
  A ball python zombie (D:2)
  7 bats
  8 kobolds
  3 rats
51 creatures vanquished.

Notes
Turn   | Place    | Note
-------+----------+-------------------------------------------
     0 | D:1      | Mrkan the Troll Fighter began the quest for the Orb.
     0 | D:1      | Reached XP level 1. HP: 22/22 MP: 0/0
   220 | D:1      | Reached XP level 2. HP: 24/29 MP: 1/1
   842 | D:2      | Reached skill level 3 in Unarmed Combat
   842 | D:2      | Reached XP level 3. HP: 32/36 MP: 2/2
   865 | D:2      | Gained mutation: Your natural rate of healing is unusually
                  | fast. [Troll growth]
   865 | D:2      | Reached XP level 4. HP: 39/45 MP: 3/3
  1014 | D:2      | Reached skill level 4 in Unarmed Combat
  1248 | D:2      | Found a blossoming altar of Fedhas.
  1260 | D:2      | Found a shimmering blue altar of Sif Muna.
  1273 | D:2      | Became a worshipper of Fedhas Madash
  1373 | D:3      | Reached XP level 5. HP: 45/53 MP: 4/4
  1508 | D:3      | HP: 2/53 [orc priest/divine providence (17)]
  1508 | D:3      | Killed from afar by an orc priest

Skill      XL: |  1  2  3  4 |
---------------+-------------+-----
Unarmed Combat | 3 4 |  4.7
Fighting       | 3 |  3.5
Dodging        | |  2.4
Shields        | |  2.0

Action                   |  1- 3 |  4- 6 || total
-------------------------+-------+-------++-------
Melee: Unarmed           |    61 |    91 ||   152
  Use: Potion            |       |     1 ||     1
  Eat: Chunk             |     3 |    11 ||    14
Armor: Skin              |    31 |    68 ||    99
Dodge: Dodged            |    29 |    47 ||    76
Block: Shield            |    31 |    57 ||    88
